 Dungeon Crawl Stone Soup version 0.27-a0-1416-g941b2bd30b (webtiles) character file.

Game seed: 15695975943543741997

16665 lunkers the Thaumaturge (level 12, -5/87 HPs)
             Began as an Octopode Venom Mage on July 2, 2021.
             Was an Elder of Ashenzari.
             Slain by a wyvern (11 damage)
             ... on level 3 of the Lair of Beasts.
             The game lasted 00:23:33 (17932 turns).

lunkers the Thaumaturge (Octopode Venom Mage)      Turns: 17932, Time: 00:23:34

Health: -5/87      AC:  1    Str:  8    XL:     12   Next: 39%
Magic:  0/35       EV: 14    Int: 21    God:    Ashenzari [****..]
Gold:   786        SH:  0    Dex: 13    Spells: 1/31 levels left

rFire    . . .     SeeInvis +   l - staff of earth (curse) {Cun, Evo}
rCold    . . .     Faith    .   (no shield)
rNeg     . . .     Spirit   +   A - +0 hat "Shattered Omen" {Bglg, Evo} (curse)
rPois    .         Reflect  .   q - amulet "Shackled With Me" {Spirit, Evo, Alch} (curse)
rElec    .         Harm     .   k - ring "Overhang to Understand" {MP+9, Comp, Elem} (curse)
rCorr    .         Rampage  .   r - ring of the Ensconced Seer {Will+, Elem, Bglg} (curse)
Will     +....     Clarity  +   H - ring of the Cursed Repose {Wiz, Range, Elem} (curse)
Stlth    ++++++....             L - ring "Restrained Together" {Slay+4, Comp, Evo} (curse)
HPRegen  0.24/turn              (no ring)
MPRegen  0.24/turn              (no ring)
                                (no ring)
                                (no ring)

@: about to teleport, slowed, very slow
A: almost no armour, amphibious, 8 rings, camouflage 1, gelatinous body 1,
(nimble swimmer 1), tentacles
a: Renounce Religion, Curse Item, Shatter the Chains


You were on level 3 of the Lair of Beasts.
You worshipped Ashenzari.
Ashenzari was greatly pleased with you.
You visited 3 branches of the dungeon, and saw 14 of its levels.

You collected 786 gold pieces.

Inventory:

Hand Weapons
 z - a +3 quarterstaff of chaos
Missiles
 x - 12 atropa-tipped darts (quivered)
 B - a throwing net
Armour
 A - the cursed +0 hat "Shattered Omen" (worn) {Bglg, Evo}
   (You took it off Gastronok on level 1 of the Lair of Beasts)

   It has a curse which improves the following skills: Beguiling: Conjurations,
   Hexes and Translocations.
   Evocations: Evocations.
Magical Staves
 l - a cursed staff of earth (weapon) {Cun, Evo}
Jewellery
 k - the cursed ring "Overhang to Understand" (left tentacle) {MP+9, Comp, Elem}
   (You found it on level 3 of the Dungeon)

   [ring of magical power]

   MP:        It affects your magic capacity (+9).
   It has a curse which improves the following skills: Companions: Summonings
   and Necromancy.
   Elements:  Fire Magic, Ice Magic, Air Magic and Earth Magic.
 q - the cursed amulet "Shackled With Me" (around mantle) {Spirit, Evo, Alch}
   (You found it on level 4 of the Dungeon)

   [amulet of guardian spirit]

   It causes incoming damage to be divided between your reserves of health and
   magic.
   It has a curse which improves the following skills: Evocations: Evocations.
   Alchemy:   Poison Magic and Transmutations.
 r - the cursed ring of the Ensconced Seer (right tentacle) {Will+, Elem, Bglg}
   (You found it on level 5 of the Dungeon)

   [ring of willpower]

   Will:      It increases your willpower.
   It has a curse which improves the following skills: Elements: Fire Magic, Ice
   Magic, Air Magic and Earth Magic.
   Beguiling: Conjurations, Hexes and Translocations.
 F - an amulet of the acrobat
 H - the cursed ring of the Cursed Repose (on tentacle) {Wiz, Range, Elem}
   (You found it on level 9 of the Dungeon)

   [ring of wizardry]

   It improves your spell success rate.
   It has a curse which improves the following skills: Ranged Combat: Slings,
   Bows, Crossbows and Throwing.
   Elements:  Fire Magic, Ice Magic, Air Magic and Earth Magic.
 L - the cursed ring "Restrained Together" (on tentacle) {Slay+4, Comp, Evo}
   (You found it on level 10 of the Dungeon)

   [ring of slaying]

   Slay:      It affects your accuracy & damage with ranged weapons and melee
   (+4).
   It has a curse which improves the following skills: Companions: Summonings
   and Necromancy.
   Evocations: Evocations.
Wands
 g - a wand of iceblast (17)
 o - a wand of digging (2)
 s - a wand of mindburst (11)
 t - a wand of paralysis (12)
 D - a wand of flame (32)
Scrolls
 a - 15 scrolls of identify
 b - 2 scrolls of teleportation
 c - 3 scrolls of amnesia
 d - 3 scrolls of fog
 e - a scroll of summoning
 h - 2 scrolls of blinking
 i - 2 scrolls of holy word
 j - 3 scrolls of fear
 n - a scroll of vulnerability
 u - a scroll of enchant armour
 C - 2 scrolls of enchant weapon
 I - a scroll of magic mapping
Potions
 f - 6 potions of flight
 m - 2 potions of ambrosia
 p - a potion of might
 v - 3 potions of attraction
 w - a potion of haste
 E - a potion of invisibility
 G - a potion of resistance
 J - a potion of curing
 K - a potion of brilliance


   Skills:
 + Level 10.1 Fighting
 - Level 2.0(3.7) Dodging
 - Level 9.8(12.0) Stealth
 + Level 10.3 Spellcasting
 - Level 4.6(8.0) Conjurations
 - Level 1.0(2.3) Transmutations
 - Level 2.3(5.8) Air Magic
 * Level 7.2(11.7) Earth Magic
 - Level 9.0(11.1) Poison Magic
 - Level 1.5(5.0) Evocations


You had one spell level left.
You knew the following spells:

 Your Spells              Type           Power      Damage    Failure   Level
a - Stone Arrow           Conj/Erth      100%       3d13      1%          3
b - Iron Shot             Conj/Erth      34%        9d7       7%          6
c - Olgreb's Toxic Radia  Pois           55%        N/A       1%          4
d - Mephitic Cloud        Conj/Pois/Air  45%        N/A       1%          3
e - Ignite Poison         Fire/Tmut/Pois 30%        N/A       1%          3
f - Petrify               Tmut/Erth      57%        N/A       1%          4
g - Lee's Rapid Deconstr  Erth           37%        3d19*     1%          5
h - Poisonous Vapours     Pois/Air       92%        N/A       1%          2

Your spell library contained the following spells:

 Spells                   Type           Power      Damage    Failure   Level
 Animate Skeleton         Necr           24%        N/A       1%          1
 Apportation              Tloc           24%        N/A       1%          1
 Corona                   Hex            13%        N/A       1%          1
 Sting                    Tmut/Pois      100%       1d8       1%          1
 Summon Small Mammal      Summ           48%        N/A       1%          1
 Iskenderun's Battlesphe  Conj           44%        2d10      2%          5
 Fulminant Prism          Conj/Hex       14%        3d9       4%          4
 Iskenderun's Mystic Bla  Conj/Tloc      28%        2d7       4%          4
 Bolt of Magma            Conj/Fire/Erth 28%        4d13      4%          5
 Call Canine Familiar     Summ           12%        N/A       6%          3
 Gell's Gravitas          Tloc           6%         N/A       6%          3
 Inner Flame              Hex/Fire       13%        N/A       6%          3
 Lesser Beckoning         Tloc           6%         N/A       6%          3
 Portal Projectile        Hex/Tloc       24%        N/A       6%          3
 Summon Guardian Golem    Hex/Summ       12%        N/A       6%          3
 Teleport Other           Tloc           12%        N/A       6%          3
 Silence                  Hex/Air        12%        N/A       19%         5
 Cause Fear               Hex            6%         N/A       21%         4
 Passage of Golubria      Tloc           N/A        N/A       21%         4
 Statue Form              Tmut/Erth      38%        N/A       21%         6
 Blade Hands              Tmut           10%        N/A       26%         5
 Excruciating Wounds      Necr           6%         N/A       45%         5
 Metabolic Englaciation   Hex/Ice        6%         N/A       45%         5
 Lehudib's Crystal Spear  Conj/Erth      34%        10d9      94%         8
 Spellforged Servitor     Conj/Summ      14%        N/A       97%         7
 Dragon Form              Tmut           10%        N/A       100%        7
 Discord                  Hex            6%         N/A       100%        8
 Ignition                 Fire           6%         3d4       100%        8
 Dragon's Call            Summ           6%         N/A       100%        9
 Shatter                  Erth           37%        3d29*     100%        9
 Animate Armour           Summ/Erth      Unusable   N/A       N/A         4

Dungeon Overview and Level Annotations

Branches:
Dungeon (10/15)            Temple (1/1) D:7            Lair (3/6) D:8
 Spider (0/4) Lair:2
  Swamp: Lair:2-4    Shoals: Lair:2-4       Orc: D:9-12

Altars:
Ashenzari
Cheibriados
Dithmenos
Elyvilon
Fedhas
Gozag
Hepliaklqana
Kikubaaqudgha
Makhleb
Nemelex Xobeh
Okawaru
Qazlal
Ru
Sif Muna
Trog
Uskayaw
Vehumet
Wu Jian
Xom
Yredelemnul
Zin
The Shining One

Shops:
D:1 (

Annotations:
D:6 3 runed translucent doors, Pottery's ghost, novice SpEn


Innate Abilities, Weirdness & Mutations

You cannot wear most types of armour.
You are amphibious.
You can wear up to eight rings at the same time.
Your skin changes colour to match your surroundings (Stealth+).
Your rubbery body absorbs attacks. (AC +1, EV +1)
((You are camouflaged near water. (Stealth+)))
You have tentacles for arms and can constrict up to eight enemies at once.


Message History

No target in view!
Found an escape hatch in the ceiling.
No target in view!
A wyvern comes into view.
A wyvern is nearby!
A wyvern is nearby!
A bog body comes into view.
The bog body points at you and mumbles some strange words.
The bolt of cold hits you!!
The wyvern hisses angrily.
A swamp worm comes into view.
Casting: Stone Arrow (safe; 1% risk of failure)
Confirm with . or Enter, or press ? or * to list all spells.
You feel a surge of power!
The stone arrow hits the bog body!!
The bog body is severely damaged.
The wyvern hisses menacingly.
Casting: Stone Arrow (safe; 1% risk of failure)
Confirm with . or Enter, or press ? or * to list all spells.
You feel a surge of power!
The stone arrow hits the wyvern!!
The wyvern is severely wounded.
The wyvern bites you!
The bog body gestures at you while chanting.
The bolt of cold hits you!!!
* * * LOW MAGIC WARNING * * *
* * * LOW HITPOINT WARNING * * *
Unknown command.
Okay, then.
The wyvern bites you!
* * * LOW MAGIC WARNING * * *
* * * LOW HITPOINT WARNING * * *
As you read the scroll of teleportation, it crumbles to dust.
You feel strangely unstable. The wyvern closely misses you.
The wyvern bites you!
* * * LOW MAGIC WARNING * * *
* * * LOW HITPOINT WARNING * * *
Unknown command.
The bog body casts a spell at you.
You feel yourself slow down. The wyvern bites you!
* * * LOW MAGIC WARNING * * *
You die...

, , ............P##.. , ,
* *, .....,##.....##..
***, #.... #..#...##. ,**
* #..##.#.<##...# , , * *
##...##...#.... ,, * ###*
#....##........
,#####..###..P.##.......#
,
...........#.....##...##
♣....@l....##.#####... *
♣♣♣♣♣♣.....##########P ≈≈
≈ ≈≈≈♣♣♣n..## #### , ,
.......⌠..# , ,
...♣n.{⌠..# ≈ ≈ ≈≈
≈≈≈♣♣♣...# * *♣♣* ..#.# ,
,.##..# * ,* ..#


You could see a bog body and a wyvern.

Vanquished Creatures
  Gastronok (Lair:1)
  A two-headed ogre (D:10)
  5 black mambas
  Maurice (D:8)
  A rime drake (Lair:2)
  3 cane toads (Lair:1)
  A hornet (D:8)
  5 blink frogs (Lair:2)
  A shadow (D:10)
  35 yaks
  A fire elemental (Lair:1)
  2 basilisks
  3 wyverns
  Grum (Lair:1)
  3 water moccasins
  2 orc warriors (D:8)
  2 black bears
  A sky beast (D:5)
  A hornet zombie (D:8)
  An ogre (D:6)
  10 wolves (Lair:1)
  2 kobold brigands
  6 bullfrogs
  2 gnoll sergeants
  3 scorpions
  2 water moccasin skeletons
  13 killer bees
  4 howler monkeys
  3 centaur zombies
  2 orc priests
  A hound (D:7)
  A bullfrog skeleton (D:6)
  Crazy Yiuf (D:7)
  Jessica (D:2)
  2 orc wizards (D:7)
  Ijyb (D:3)
  A scorpion zombie (D:5)
  An iguana (D:8)
  2 killer bee zombies
  12 gnolls
  A howler monkey skeleton (D:7)
  4 adders
  2 white imps
  An adder skeleton (D:4)
  A worm (D:3)
  4 dart slugs
  13 orcs
  13 endoplasms
  3 giant cockroaches
  4 hobgoblins (D:2)
  7 jackals
  A quokka (D:1)
  8 ball pythons
  3 bats
  5 frilled lizards
  6 goblins
  12 kobolds
  8 rats
  A fire vortex (Lair:1)
238 creatures vanquished.

Vanquished Creatures (others)
  A bush (D:8)
  10 fungi
  25 plants
36 creatures vanquished.

Grand Total: 274 creatures vanquished

Notes
Turn   | Place    | Note
-------+----------+-------------------------------------------
     0 | D:1      | lunkers the Octopode Venom Mage began the quest for the
                  | Orb.
     0 | D:1      | Reached XP level 1. HP: 11/11 MP: 3/3
   291 | D:1      | Reached XP level 2. HP: 15/17 MP: 0/5
   408 | D:1      | Learned a level 2 spell: Poisonous Vapours
   717 | D:1      | Found Aceunoeh's Weapon Emporium.
  1186 | D:1      | Reached XP level 3. HP: 10/21 MP: 0/6
  2075 | D:2      | Found a faded altar of an unknown god.
  2163 | D:2      | Reached skill level 1 in Air Magic
  2243 | D:2      | Reached skill level 5 in Poison Magic
  2253 | D:2      | Reached XP level 4. HP: 12/27 MP: 2/7
  2510 | D:2      | Noticed Jessica
  2619 | D:1      | Learned a level 4 spell: Olgreb's Toxic Radiance
  2650 | D:2      | Killed Jessica
  3060 | D:3      | Reached XP level 5. HP: 14/31 MP: 1/9
  3563 | D:3      | Noticed Ijyb
  3611 | D:3      | Found a basalt altar of Yredelemnul.
  3631 | D:3      | Killed Ijyb
  3775 | D:3      | Found a snail-covered altar of Cheibriados.
  5008 | D:4      | Reached XP level 6. HP: 22/36 MP: 6/10
  5312 | D:4      | Found a hazy altar of Hepliaklqana.
  5312 | D:4      | Found an ornate altar of the Wu Jian Council.
  5312 | D:4      | Found an opulent altar of Gozag.
  5495 | D:5      | Entered Level 5 of the Dungeon
  5796 | D:5      | Found a shimmering altar of Xom.
  5894 | D:5      | Noticed a black bear
  5912 | D:5      | Killed a black bear
  6181 | D:5      | Noticed a water moccasin
  6259 | D:5      | Noticed a sky beast
  6277 | D:5      | Killed a sky beast
  6278 | D:5      | Reached XP level 7. HP: 30/41 MP: 7/12
  6726 | D:5      | Found an iron altar of Okawaru.
  6972 | D:6      | Noticed Pottery's ghost (novice SpEn)
  7072 | D:6      | Found a runed translucent gate.
  7072 | D:6      | Found a runed translucent gate.
  7072 | D:6      | Found a runed translucent gate.
  7185 | D:6      | Learned a level 3 spell: Mephitic Cloud
  7189 | D:6      | Learned a level 3 spell: Ignite Poison
  7344 | D:6      | Noticed a +0 spear
  7344 | D:6      | Noticed a +0 dagger
  7344 | D:6      | Noticed a +0 short sword
  7344 | D:6      | Noticed a +0 falchion
  7344 | D:6      | Noticed a +0 short sword
  7344 | D:6      | Noticed a +0 spear
  7344 | D:6      | Noticed a +0 dagger
  7369 | D:6      | Found a hide-covered altar of Uskayaw.
  7372 | D:6      | Noticed a +0 falchion
  7709 | D:6      | Reached skill level 1 in Fighting
  8298 | D:5      | Reached XP level 8. HP: 32/48 MP: 11/14
  8653 | D:7      | Found a runed translucent door.
  8654 | D:7      | Noticed Crazy Yiuf
  8831 | D:7      | Killed Crazy Yiuf
  9098 | D:7      | Reached skill level 5 in Stealth
  9098 | D:7      | Reached skill level 5 in Spellcasting
  9445 | D:7      | Found a staircase to the Ecumenical Temple.
  9563 | D:8      | Noticed a hornet
  9613 | Temple   | Entered the Ecumenical Temple
  9816 | Temple   | Became a worshipper of Ashenzari the Shackled
  9916 | D:8      | Noticed a yak
  9918 | D:8      | Noticed a wyvern
  9929 | D:8      | Killed a yak
  9936 | D:8      | Killed a wyvern
  9937 | D:8      | Reached XP level 9. HP: 58/58 MP: 13/18
 10049 | D:8      | Reached skill level 5 in Fighting
 10548 | D:8      | Found a staircase to the Lair.
 10641 | D:8      | Paralysed by an orc warrior for 4 turns
 11014 | D:8      | Reached XP level 10. HP: 56/71 MP: 22/22
 11284 | D:8      | Noticed Maurice
 11299 | D:8      | Killed Maurice
 11989 | D:9      | Reached * piety under Ashenzari
 12735 | D:10     | Entered Level 10 of the Dungeon
 12761 | D:10     | Reached skill level 1 in Earth Magic
 12820 | D:10     | Learned a level 4 spell: Petrify
 12826 | D:10     | Learned a level 5 spell: Lee's Rapid Deconstruction
 13076 | D:10     | Noticed a two-headed ogre
 13079 | D:10     | Identified the ring of Youthful Indiscretion {Fire Slay+3}
 13101 | D:10     | Killed a two-headed ogre
 13387 | D:10     | Found a radiant altar of Vehumet.
 13481 | D:10     | Learned a level 3 spell: Stone Arrow
 13484 | D:10     | Reached ** piety under Ashenzari
 13560 | D:10     | Reached XP level 11. HP: 78/78 MP: 4/24
 13886 | Lair:1   | Entered Level 1 of the Lair of Beasts
 14007 | Lair:1   | Reached skill level 1 in Conjurations
 14069 | Lair:1   | Noticed Gastronok
 14075 | Lair:1   | Killed Gastronok
 14076 | Lair:1   | Reached skill level 5 in Earth Magic
 14950 | Lair:1   | Noticed Grum
 14961 | Lair:1   | Killed Grum
 15156 | Lair:1   | HP: 2/80 [wolf (8)]
 15621 | Lair:1   | Reached *** piety under Ashenzari
 16052 | Lair:2   | Reached skill level 10 in Spellcasting
 16052 | Lair:2   | Reached XP level 12. HP: 67/87 MP: 18/26
 16247 | Lair:2   | Noticed an eight-headed hydra
 16270 | Lair:2   | Reached **** piety under Ashenzari
 16704 | Lair:2   | Reached skill level 1 in Evocations
 17122 | Lair:2   | Learned a level 6 spell: Iron Shot
 17125 | Lair:2   | Reached skill level 10 in Fighting
 17207 | Lair:2   | Found a hole to the Spider Nest.
 17932 | Lair:3   | Slain by a wyvern

Illustrated notes

Levels and vault maps discovered:
D:1:      dpeg_arrival_oval, layout_basic, serial_shops,
          nicolae_shop_temple_entry_statues_fountains
D:2:      layout_rooms, hellmonk_ecumenical_altar_blasted,
          minmay_misc_feat_rows, kennysheep_nub, minmay_pentomino_q4,
          uniq_jessica
D:3:      layout_loops_ring, old_standard_altar, lemuel_tele_altar, uniq_ijyb
D:4:      layout_cave_pools, gammafunk_temple_overflow_claw, grunt_ministairs_5
D:5:      layout_gridville, xom_teletrap_fun, marbit_many_paths
D:6:      layout_gridville, nicolae_uskayaw_en_pointe, gammafunk_ghost_icy,
          kennysheep_generic_room_13
D:7:      layout_gridville, minmay_temple_entry_offerings,
          uniq_crazy_yiuf_cottage
D:8:      layout_loops_cross, minmay_lair_entry_grove,
          hangedman_decor_clover_reticule, uniq_maurice
D:9:      layout_stronghold
D:10:     layout_irregular_city, lemuel_coloured_pillars_altar, minivault_4
Temple:   oiseaux_autumnal_temple
Lair:1:   layout_gridlike, grunt_megastairs_4, uniq_gastronok, uniq_grum
Lair:2:   layout_regular_city, spider_nest_entry_web_field,
          hangedman_lair_generics_rect
Lair:3:   layout_cave_shapes, nicolae_swamp_entry_splash_gauntlet,
          minmay_stone_trees_large

Skill      XL: |  1  2  3  4  5  6  7  8  9 10 11 12 |
---------------+-------------------------------------+-----
Poison Magic   | 4 5 6 7 8 9 |  9.0
Air Magic      | 1 2 |  2.3
Spellcasting   | 3 4 6 8 9 10 | 10.3
Stealth        | 3 6 7 9 |  9.8
Fighting       | 1 4 7 8 9 10 | 10.1
Earth Magic    | 4 6 7 |  7.2
Conjurations   | 3 4 |  4.6
Evocations     | 1 |  1.5
Dodging        | |  2.0
Transmutations | |  1.0

Action                   |  1- 3 |  4- 6 |  7- 9 | 10-12 || total
-------------------------+-------+-------+-------+-------++-------
Melee: Unarmed           |    43 |     1 |       |       ||    44
       Constrict         |    11 |    10 |    14 |     8 ||    43
       Tentacles         |    10 |     9 |    16 |    10 ||    45
       Spear             |       |    41 |    31 |       ||    72
       Quarterstaff      |       |       |    34 |    26 ||    60
       Staff             |       |       |       |    12 ||    12
 Cast: Sting             |    77 |     6 |       |       ||    83
       Poisonous Vapours |       |    77 |    77 |    26 ||   180
       Mephitic Cloud    |       |       |     8 |     1 ||     9
       Ignite Poison     |       |       |    10 |     3 ||    13
       Olgreb's Toxic Ra |       |       |    20 |    23 ||    43
       Stone Arrow       |       |       |       |   112 ||   112
       Lee's Rapid Decon |       |       |       |    16 ||    16
       Iron Shot         |       |       |       |     1 ||     1
Invok: Curse Item        |       |       |       |     7 ||     7
Evoke: Wand              |       |       |       |     1 ||     1
  Use: Scroll            |       |     4 |     1 |     2 ||     7
       Potion            |       |       |       |     2 ||     2
 Stab: Sleeping          |     2 |     3 |     1 |     2 ||     8
       Distracted        |       |     1 |       |       ||     1
Armor: Skin              |     4 |     5 |     6 |     6 ||    21
Dodge: Dodged            |    39 |    40 |    76 |    89 ||   244

Table legend: (Time is in decaauts)
 A = Elapsed time spent in this place.
 B = Non-inter-level travel time spent in this place.
 C = Inter-level travel time spent in this place.
 D = Time resting spent in this place.
 E = Time spent auto-exploring this place.
 F = Levels seen in this place.
 G = Mean time per level.
                   A        B        C        D        E       F      G
               +--------+--------+--------+--------+--------+-----+--------+
         Total |  17992 |  17192 |    800 |   2610 |  12470 |  14 | 1285.1 |
       Dungeon |  13676 |  12957 |    719 |   1922 |   9344 |  10 | 1367.6 |
        Temple |    235 |    191 |     44 |      0 |    190 |   1 |  235.0 |
          Lair |   4080 |   4044 |     36 |    688 |   2936 |   3 | 1360.0 |
               +--------+--------+--------+--------+--------+-----+--------+

Top non-repeatable levels by time:
  Lair:1: 2107 daAuts
     D:8: 1814 daAuts
     D:5: 1786 daAuts
     D:1: 1723 daAuts
     D:3: 1369 daAuts
  Lair:2: 1368 daAuts
     D:6: 1352 daAuts
     D:2: 1311 daAuts
     D:7: 1152 daAuts
    D:10: 1111 daAuts
     D:4: 1094 daAuts
     D:9: 960 daAuts
  Lair:3: 604 daAuts
  Temple: 235 daAuts
